 Dungeon Crawl Stone Soup version 0.19.1 (webtiles) character file.

254 lorenzova the Magician (level 5, -5/28 HPs)
             Began as a Deep Elf Conjurer on Dec 11, 2016.
             Killed by divine providence
             ... invoked by an orc priest
              (9 damage)
             ... on level 3 of the Dungeon.
             The game lasted 00:05:01 (2845 turns).

lorenzova the Magician (Deep Elf Conjurer)          Turns: 2845, Time: 00:05:01

Health: -5/28      AC:  2    Str:  5    XL:     5   Next: 90%
Magic:  3/24       EV: 13    Int: 21    God:
Gold:   212        SH:  0    Dex: 15    Spells: 2 memorised, 11 levels left

rFire  . . .     SeeInvis .     p - +0 dagger (pain)
rCold  . . .     Gourm    .     a - +0 robe
rNeg   . . .     Faith    .     (no shield)
rPois  .         Spirit   .     (no helmet)
rElec  .         Reflect  .     (no cloak)
rCorr  .         Harm     .     (no gloves)
MR     .....                    (no boots)
Stlth  ++........               (no amulet)
                                (no ring)
                                l - ring of magical power

@: no status effects
A: no striking features
a: no special abilities


You were on level 3 of the Dungeon.
You were hungry.

You visited 1 branch of the dungeon, and saw 3 of its levels.

You collected 212 gold pieces.

Inventory:

Hand Weapons
 p - a +0 dagger of pain (weapon)
Armour
 a - a +0 robe (worn)
 t - a +3 leather armour
Jewellery
 l - a ring of magical power (left hand)
Scrolls
 e - 2 scrolls of fog {unknown}
 f - 5 scrolls of immolation {unknown}
 g - a scroll of random uselessness {unknown}
 h - 3 scrolls of identify {unknown}
 i - 3 scrolls of teleportation {unknown}
 j - a scroll of recharging {unknown}
 k - a scroll of remove curse {unknown}
 n - 2 scrolls of enchant armour {unknown}
 q - a scroll of noise {unknown}
 v - a scroll of amnesia {unknown}
 w - a scroll of magic mapping {unknown}
Potions
 d - 2 potions of cancellation {unknown}
 m - a potion of ambrosia {unknown}
 o - a potion of might {unknown}
 s - a potion of invisibility {unknown}
 u - a potion of heal wounds {unknown}
 x - a potion of curing {unknown}
Books
 b - a book of Conjurations

   Spells                             Type                      Level
   a - Magic Dart                     Conjuration                  1
   b - Searing Ray                    Conjuration                  2
   c - Dazzling Spray                 Conjuration/Hexes            3
   d - Fulminant Prism                Conjuration/Hexes            4
   e - Iskenderun's Mystic Blast      Conjuration                  4
   f - Iskenderun's Battlesphere      Conjuration/Charms           5
Comestibles
 c - 3 bread rations
 r - 2 beef jerkies


   Skills:
 - Level 2.4 Dodging
 - Level 2.4 Stealth
 + Level 6.4 Spellcasting
 + Level 6.2 Conjurations


You had 11 spell levels left.
You knew the following spells:

 Your Spells              Type           Power        Failure   Level  Hunger
a - Magic Dart            Conj           ####         1%          1    None
c - Iskenderun's Mystic   Conj           ####....     10%         4    ###....


Dungeon Overview and Level Annotations

Branches:
Dungeon (3/15)

Altars:
Elyvilon
Yredelemnul


Message History

The orc hits you with a club.
* * * LOW HITPOINT WARNING * * *
Unknown command.
The orc hits you with a club.
* * * LOW HITPOINT WARNING * * *
The orc priest looks braver for a moment.
Casting: Magic Dart
Confirm with . or Enter, or press ? or * to list all spells.
Aiming: Magic Dart
Press: ? - help, Shift-Dir - straight line, f/p - orc priest
Aim: an orc priest, wearing a ring mail (severely wounded)
The magic dart hits the orc priest.
The orc priest is severely wounded.
The orc priest casts a cantrip, but nothing happens.
The orc hits you but does no damage.
You see here a bat corpse.
The orc priest looks satisfied for a moment.
The orc priest calls down the wrath of Beogh upon you.
Beogh smites you!
You die...

######## ##########
.....$... ##...##...##
#...#...# ##..........#
.......†. #...........#
#...#...# #...).....†.#
..=......
###..<........############
....>.<.).@.o..o.....†.....
######...#....####.##......
#####.#### #......†.. #.#
##........ #.# #.#......
#.# #.#...### #.# #.#####
#.# ##.# #.# ##..#


You could see an orc priest and an orc.

Vanquished Creatures
  The ghost of lorenzova the Conjurer, an amateur DECj (D:3)
  An orc priest (D:3)
  4 adders
  2 oozes
  3 dart slugs
  A leopard gecko (D:1)
  6 orcs (D:3)
  5 giant cockroaches
  6 goblins
  9 hobgoblins
  A quokka (D:2)
  6 bats
  5 frilled lizards
  4 kobolds
  10 rats
64 creatures vanquished.

Notes
Turn   | Place    | Note
-------+----------+-------------------------------------------
     0 | D:1      | lorenzova the Deep Elf Conjurer began the quest for the Orb.
     0 | D:1      | Reached XP level 1. HP: 10/10 MP: 6/6
   245 | D:1      | Reached XP level 2. HP: 15/15 MP: 4/8
  1159 | D:2      | Reached XP level 3. HP: 19/19 MP: 10/10
  1213 | D:2      | Reached skill level 5 in Conjurations
  1359 | D:2      | Found a white marble altar of Elyvilon.
  1415 | D:2      | Found a basalt altar of Yredelemnul.
  2014 | D:3      | Reached XP level 4. HP: 18/24 MP: 12/12
  2016 | D:3      | Reached skill level 5 in Spellcasting
  2065 | D:3      | Learned a level 4 spell: Iskenderun's Mystic Blast
  2186 | D:3      | Noticed lorenzova's ghost (amateur DECj)
  2192 | D:3      | Killed lorenzova's ghost
  2192 | D:3      | Reached XP level 5. HP: 2/28 MP: 4/15
  2845 | D:3      | Killed from afar by an orc priest

Skill      XL: |  1  2  3  4 |
---------------+-------------+-----
Spellcasting   | 4 6 |  6.4
Conjurations   | 5 6 |  6.2
Dodging        | |  2.4
Stealth        | |  2.4

Action                   |  1- 3 |  4- 6 || total
-------------------------+-------+-------++-------
 Cast: Magic Dart        |    80 |    55 ||   135
       Iskenderun's Myst |       |    10 ||    10
  Eat: Chunk             |     2 |     4 ||     6
Armor: Robe              |     1 |     2 ||     3
Dodge: Dodged            |     6 |     8 ||    14
